 Dungeon Crawl Stone Soup version 0.32-a0-361-g289a535e89 (webtiles) character file.

Game seed: 5585899162418348610

2003 pokeman the Thaumaturge (level 9, -13/51 HPs)
             Began as a Deep Elf Hedge Wizard on Feb 18, 2024.
             Was an Initiate of Vehumet.
             Mangled by an ogre
             ... wielding a +0 giant spiked club
              (34 damage)
             ... on level 6 of the Dungeon.
             The game lasted 00:17:37 (7687 turns).

pokeman the Thaumaturge (Deep Elf Hedge Wizard)     Turns: 7687, Time: 00:17:38

Health: -13/51     AC:  9    Str: 13    XL:     9   Next: 2%
Magic:  24/26      EV: 12    Int: 24    God:    Vehumet [......]
Gold:   480        SH:  0    Dex: 14    Spells: 22/30 levels left

rFire   . . .        k - +0 short sword (venom)
rCold   . . .        (no shield)
rNeg    . . .        r - +3 leather armour
rPois   .            G - +0 helmet
rElec   .            c - +1 cloak
rCorr   .            (no gloves)
SInv    .            (no boots)
Will    .....        u - amulet of regeneration
Stlth   ++           l - +6 ring of strength
HPRegen 1.08/turn    (no ring)
MPRegen 0.20/turn

%: no passive effects
@: on blink cooldown
A: no striking features
a: Renounce Religion


You were on level 6 of the Dungeon.
You worshipped Vehumet.
Vehumet was noncommittal.
You visited 1 branch of the dungeon, and saw 6 of its levels.
You also visited: Ossuary.

You collected 480 gold pieces.

Inventory:

Hand Weapons
 k - a +0 short sword of venom (weapon)
 v - a +2 war axe of electrocution
Missiles
 D - a throwing net
Armour
 c - a +1 cloak (worn)
 r - a +3 leather armour (worn)
 G - a +0 helmet (worn)
Magical Staves
 m - a staff of alchemy
Jewellery
 h - an amulet of faith
 l - a +6 ring of strength (left hand)
 s - a ring of fire
 u - an amulet of regeneration (around neck)
Wands
 t - a wand of polymorph (6)
 E - a wand of charming (10)
 F - a wand of roots (7)
Scrolls
 a - 2 scrolls of revelation {unknown}
 e - 6 scrolls of identify {unknown}
 g - 3 scrolls of noise {unknown}
 i - 2 scrolls of teleportation {unknown}
 n - 3 scrolls of amnesia {unknown}
 o - a scroll of poison {unknown}
 q - a scroll of brand weapon {unknown}
 y - a scroll of vulnerability {unknown}
 C - 2 scrolls of fog {unknown}
Potions
 b - 2 potions of lignification {unknown}
 d - a potion of magic
 f - a potion of curing {unknown}
 j - a potion of haste {unknown}
 p - 4 potions of attraction {unknown}
 w - a potion of berserk rage {unknown}
 x - a potion of ambrosia {unknown}
 z - a potion of brilliance {unknown}
 A - a potion of might {unknown}
 B - a potion of degeneration {unknown}


   Skills:
 - Level 3.2 Fighting
 + Level 2.7 Armour
 - Level 3.0 Dodging
 - Level 3.0 Stealth
 * Level 11.4 Spellcasting
 + Level 6.2 Conjurations
 - Level 1.1 Summonings
 - Level 1.1 Translocations
 - Level 1.0 Air Magic
 - Level 1.0 Alchemy
 - Level 1.0 Evocations


You had 22 spell levels left.
You knew the following spells:

 Your Spells              Type           Power      Damage    Failure   Level
a - Magic Dart            Conj           100%       1d8       1%          1
b - Mephitic Cloud        Conj/Alch/Air  26%        N/A       5%          3
c - Call Imp              Summ           38%        N/A       5%          2
d - Blink                 Tloc           38%        N/A       5%          2

Your spell library contained the following spells:

 Spells                   Type           Power      Damage    Failure   Level
 Slow                     Hex            52%        N/A       6%          1
 Cigotuvi's Dreadful Rot  Necr/Alch/Air  32%        N/A       7%          2


Dungeon Overview and Level Annotations

Branches:
Dungeon (6/15)            Ossuary (visited)
 Temple: D:4-7

Altars:
Ashenzari
Fedhas
Nemelex Xobeh
Vehumet
Wu Jian
The Shining One


Message History

The magic dart hits the ufetubus.
You kill the ufetubus!
Vehumet accepts your kill.
Unknown command.
Casting: Magic Dart (safe; 1% risk of failure)
Confirm with . or Enter, or press ? or * to list all spells.
Aiming: Magic Dart (safe; 1% risk of failure)
Press: ? - help, Shift-Dir - straight line, f - orc
Aim: an orc, wielding a +0 war axe (heavily wounded, confused, 100% to hit)
The magic dart hits the orc.
The orc is almost dead.
Casting: Magic Dart (safe; 1% risk of failure)
Confirm with . or Enter, or press ? or * to list all spells.
Aiming: Magic Dart (safe; 1% risk of failure)
Press: ? - help, Shift-Dir - straight line, f/p - orc
Aim: an orc, wielding a +0 war axe (almost dead, confused, 100% to hit)
The magic dart hits the orc.
You kill the orc!
Vehumet accepts your kill.
Unknown command.
There is a stone staircase leading down here.
You start resting.
HP restored.
You start resting.
Magic restored.
You climb downwards.
The ogre hits you with a +0 giant spiked club!!
Ouch! That really hurt!
There is a stone staircase leading up, spattered with blood here.
Unknown command.
Unknown command.
Casting: Magic Dart (safe; 1% risk of failure)
Confirm with . or Enter, or press ? or * to list all spells.
You blink.
Found a ring mail.
Found a stone staircase leading down.
The orc barely misses you.
Unknown command.
The ogre attacks as it pursues you!
The ogre hits you with a +0 giant spiked club!!
Ouch! That really hurt!
You die...

####### #####
#......###...#
.......)##...#
........ยง#...#
...[..[..#...#
.........#@..#
........oO...#
............[#
.........#...#
..o......#...#
...........###
.......###
....... ...>...


You could see an ogre and an orc.

Vanquished Creatures
  Pikel (D:4)
  Grinder (D:5)
  Duvessa (D:4)
  An ogre (D:6)
  A lemure (D:4)
  Blork the orc (D:5)
  5 scorpions
  Dowan (D:4)
  A bombardier beetle (D:3)
  3 orc priests
  A sleepcap (D:5)
  2 hounds
  An orc wizard (D:5)
  Ijyb (D:4)
  2 iguanas (D:5)
  9 mummies
  Robin (D:4)
  9 adders
  2 ufetubi (D:5)
  4 dart slugs
  15 orcs
  6 bats
  10 endoplasms
  5 giant cockroaches
  8 goblins (D:4)
  10 hobgoblins
  4 jackals (D:3)
  6 quokkas
  6 ball pythons
  3 frilled lizards
  A goblin zombie (D:4)
  2 hobgoblin zombies
  6 kobolds
  6 kobold zombies (Ossuary)
  An orc zombie (Ossuary)
  9 rats
146 creatures vanquished.

Notes
Turn   | Place    | Note
-------+----------+-------------------------------------------
     0 | D:1      | pokeman the Deep Elf Hedge Wizard began the quest for the
                  | Orb.
     0 | D:1      | Reached XP level 1. HP: 10/10 MP: 7/7
   342 | D:1      | Reached XP level 2. HP: 15/15 MP: 4/9
   524 | D:1      | Reached skill level 5 in Spellcasting
   630 | D:1      | Reached XP level 3. HP: 20/20 MP: 9/11
   638 | D:1      | Learned a level 3 spell: Mephitic Cloud
   641 | D:1      | Learned a level 2 spell: Call Imp
   644 | D:1      | Learned a level 2 spell: Blink
   763 | D:1      | Reached skill level 1 in Armour
   774 | D:1      | Reached skill level 1 in Fighting
  1532 | D:2      | Reached XP level 4. HP: 25/25 MP: 11/13
  2668 | D:3      | Reached skill level 6 in Spellcasting
  2760 | D:3      | Reached XP level 5. HP: 29/29 MP: 7/15
  3090 | D:3      | Found a glowing golden altar of the Shining One.
  3276 | D:3      | Reached skill level 1 in Air Magic
  3276 | D:3      | Reached skill level 1 in Evocations
  3333 | D:3      | Reached skill level 1 in Alchemy
  3449 | D:3      | Reached XP level 6. HP: 23/34 MP: 2/17
  3562 | D:3      | Found a blossoming altar of Fedhas.
  3909 | D:3      | Found a broken altar of Ashenzari.
  4170 | D:4      | Noticed Duvessa
  4170 | D:4      | Noticed Dowan
  4180 | D:4      | Killed Dowan
  4203 | D:4      | Killed Duvessa
  4204 | D:4      | Reached skill level 7 in Spellcasting
  4257 | D:4      | Noticed Robin
  4485 | D:4      | Found a sand-covered staircase.
  4496 | Ossuary  | Entered an ossuary
  4752 | Ossuary  | Reached XP level 7. HP: 40/40 MP: 12/20
  5155 | D:4      | Reached skill level 8 in Spellcasting
  5439 | D:4      | Noticed Ijyb
  5469 | D:4      | Killed Ijyb
  5515 | D:4      | Killed Robin
  5754 | D:4      | Found a sparkling altar of Nemelex Xobeh.
  5840 | D:4      | Noticed Pikel
  5856 | D:4      | Killed Pikel
  5857 | D:4      | Reached skill level 9 in Spellcasting
  5857 | D:4      | Reached skill level 5 in Conjurations
  5857 | D:4      | Reached XP level 8. HP: 38/46 MP: 20/23
  6240 | D:5      | Entered Level 5 of the Dungeon
  6242 | D:5      | Noticed Blork the orc
  6246 | D:5      | Noticed Grinder
  6343 | D:5      | Reached skill level 10 in Spellcasting
  6485 | D:5      | Killed Blork the orc
  6523 | D:5      | Found a radiant altar of Vehumet.
  6542 | D:5      | Became a worshipper of Vehumet
  6568 | D:5      | Paralysed by Grinder for 4 turns
  6681 | D:5      | Killed Grinder
  6948 | D:5      | Found an ornate altar of the Wu Jian Council.
  7050 | D:5      | Reached skill level 11 in Spellcasting
  7595 | D:6      | Reached XP level 9. HP: 23/51 MP: 18/26
  7687 | D:6      | Mangled by an ogre

Illustrated notes

Levels and vault maps discovered:
D:1:      matt_arrival_spirals, layout_basic, nrook_mini_vaults, minmay_cut_off
D:2:      mumra_celtic_spiral_tile, layout_loops_ring, kennysheep_crisscross,
          kennysheep_nondescript
D:3:      layout_basic, lemuel_doored_altar, marbit_many_paths,
          nicolae_overflow_crystal_walls, serial_rivers,
          chequers_serial_rivers_small_3, chequers_serial_rivers_micro_e,
          chequers_serial_rivers_small_3, chequers_serial_rivers_small_a
D:4:      layout_loops_ring, nemelex_dance_club_becter,
          nicolae_ossuary_entry_giza, serial_co_window_serial,
          co_window_paths_b, co_window_paths_a, co_window_cross_1,
          co_window_corner_a, co_window_of_opportunity_a,
          co_window_of_opportunity_a, co_window_2corner,
          co_window_unsneaky_path_c, co_window_broadway_c, co_window_2corner,
          glass_columns_a, glass_columns_b, glass_columns_c, glass_columns_c,
          glass_columns_a, uniq_ijyb, uniq_pikel, uniq_duvessa, uniq_robin
D:5:      layout_loops_corners, nzn_wu_jian_contemplation,
          mainiacjoe_overflow_boulevard, uniq_blork_the_orc, uniq_grinder
D:6:      layout_rooms, minmay_temple_entry_purple_smoke,
          ebering_dispersal_statue_hall, uniq_eustachio

Skill      XL: |  1  2  3  4  5  6  7  8 |
---------------+-------------------------+-----
Spellcasting   | 5 6 7 9 11 | 11.4
Armour         | 1 2 |  2.7
Fighting       | 1 2 3 |  3.2
Conjurations   | 2 3 5 6 |  6.2
Stealth        | 3 |  3.0
Dodging        | 3 |  3.0
Air Magic      | 1 |  1.0
Evocations     | 1 |  1.0
Alchemy        | 1 |  1.0
Summonings     | |  1.1
Translocations | |  1.1

Action                     |  1- 3 |  4- 6 |  7- 9 || total
---------------------------+-------+-------+-------++-------
  Melee: Dagger            |    31 |       |       ||    31
         Short sword       |       |    46 |    93 ||   139
         War axe           |       |     1 |     8 ||     9
   Cast: Magic Dart        |    80 |   147 |   125 ||   352
         Mephitic Cloud    |       |     6 |    23 ||    29
         Call Imp          |       |     2 |     2 ||     4
         Blink             |       |       |     7 ||     7
   Stab: Confused          |       |     2 |    12 ||    14
 Armour: Robe              |    26 |     4 |       ||    30
         Leather armour    |       |    26 |    88 ||   114
  Dodge: Dodged            |    19 |    22 |    97 ||   138

Table legend: (Time is in decaauts)
 A = Elapsed time spent in this place.
 B = Non-inter-level travel time spent in this place.
 C = Inter-level travel time spent in this place.
 D = Time resting spent in this place.
 E = Time spent auto-exploring this place.
 F = Levels seen in this place.
 G = Mean time per level.
                   A        B        C        D        E       F      G
               +--------+--------+--------+--------+--------+-----+--------+
         Total |   7698 |   7401 |    297 |    141 |   6007 |   7 | 1099.7 |
       Dungeon |   7056 |   6759 |    297 |    141 |   5500 |   6 | 1176.0 |
       Ossuary |    641 |    641 |      0 |      0 |    507 |   1 |  641.0 |
               +--------+--------+--------+--------+--------+-----+--------+

Top non-repeatable levels by time:
     D:3: 1632 daAuts
     D:4: 1610 daAuts
     D:1: 1355 daAuts
     D:5: 1297 daAuts
     D:2: 1128 daAuts
 Ossuary: 641 daAuts
     D:6: 32 daAuts
